 Dungeon Sprint DCSS version 0.16.1-28-gcc2312f (webtiles) character file.

15 Kidiri the Cudgeler (level 2, -3/28 HPs)
             Began as a Minotaur Berserker on May 28, 2015.
             Was a Priest of Trog.
             Slain by a worker ant (6 damage)
             ... while paralysed by a giant eyeball
             ... in the Dungeon (Sprint VII: "The Pits").
             The game lasted 00:01:04 (153 turns).

Kidiri the Cudgeler (Minotaur Berserker)             Turns: 153, Time: 00:01:04

Health: -3/28      AC:  2    Str: 21    XL:     2   Next: 34%
Magic:  1/1        EV:  2    Int:  4    God:    Trog [***...]
Gold:   0          SH:  0    Dex:  9    Spells: 0 memorised, 1 level left

rFire  . . .     SeeInvis .     j - +2 mace
rCold  . . .     Clarity  .     b - +0 animal skin
rNeg   . . .     SustAb   .     (no shield)
rPois  .         Gourm    .     (helmet restricted)
rElec  .         Spirit   .     (no cloak)
rCorr  .         Warding  .     (no gloves)
rMut   .         NoTele   +     (no boots)
MR     .....                    (no amulet)
Stlth  +.........               (no ring)
                                (no ring)

@: paralysed, lethally poisoned (-3 -> -5), not resistant to hostile
enchantments, very unstealthy
A: retaliatory headbutt, horns 2
a: Burn Spellbooks, Berserk, Trog's Hand, Renounce Religion


You were in the Dungeon.
You worshipped Trog.
Trog was most pleased with you.
You were not hungry.

You visited 1 branch

Inventory:

Hand weapons
 a - a +0 mace
 j - a +2 mace (weapon)
Armour
 b - a +0 animal skin (worn)
Scrolls
 i - a scroll of blinking
 n - 3 scrolls of remove curse
 o - a scroll of summoning
Potions
 d - a potion of curing
 e - a potion of heal wounds
 f - a potion of haste
 g - 4 potions of magic
 h - 3 potions of berserk rage
 m - 2 potions of invisibility
Comestibles
 c - 8 bread rations
 k - 40 fruits
 l - 7 meat rations


   Skills:
 + Level 4.6 Fighting
 * Level 4.9 Maces & Flails
 * Level 3.9 Armour
 + Level 2.9 Dodging


You had one spell level left.
You didn't know any spells.

Dungeon Overview and Level Annotations

Branches:
Dungeon (1/1)

Altars:
Ashenzari
Cheibriados
Dithmenos
Elyvilon
Fedhas
Kikubaaqudgha
Makhleb
Nemelex Xobeh
Okawaru
Ru
Sif Muna
Trog
Vehumet
Xom
Yredelemnul
Zin
The Shining One
Beogh
Jiyva
Lugonu


Innate Abilities, Weirdness & Mutations

You reflexively headbutt those who attack you in melee.
You have a pair of horns on your head.


Message History

The adder is moderately wounded.
You feel sick. The adder misses you. You furiously retaliate!
You headbutt the adder, but do no damage.
The adder misses you.
You thump the adder!
You kill the adder!
Trog accepts your kill.
You have reached level 2!
You hit the worker ant. You headbutt the worker ant.
The worker ant is severely wounded.
You feel sick.
The giant eyeball turns its gaze towards you.
The worker ant bites you. The giant eyeball gazes at you.
You suddenly lose the ability to move!
The worker ant bites you.
* * * LOW HITPOINT WARNING * * *
The worker ant bites you but does no damage.
The worker ant bites you.
You die...

#)))'.'..##...........
#)).#.#?(##......#..#.
#######'#####...........
#...........'............
#+#####)#####......#..#..
#.....##............
#####'#####'#####++#
#.....##.......#
#..@..##.......#
###a####.......#
#..s..##...<...#
..s...G.##.......#
#........##.......#
###########.......#
#########


You could see a scorpion, a giant eyeball and a worker ant.

Vanquished Creatures
  An adder (D)
  A ball python (D)
  2 goblins (D)
  2 giant geckos (D)
6 creatures vanquished.

Notes
Turn   | Place    | Note
--------------------------------------------------------------
     0 | D        | Kidiri, the Minotaur Berserker, began the quest for the Orb.
     0 | D        | Reached XP level 1. HP: 19/19 MP: 1/1
    13 | D        | Reached skill level 4 in Maces & Flails
    26 | D        | Found a sacrificial altar of Ru.
    26 | D        | Found a basalt altar of Yredelemnul.
    26 | D        | Found a shadowy altar of Dithmenos.
    26 | D        | Found a deep blue altar of Sif Muna.
    26 | D        | Found a burning altar of Makhleb.
    26 | D        | Found a shimmering altar of Xom.
    26 | D        | Found an ancient bone altar of Kikubaaqudgha.
    26 | D        | Found a sparkling altar of Nemelex Xobeh.
    27 | D        | Found a glowing golden altar of the Shining One.
    27 | D        | Found a bloodstained altar of Trog.
    27 | D        | Found a shattered altar of Ashenzari.
    27 | D        | Found a white marble altar of Elyvilon.
    27 | D        | Found a snail-covered altar of Cheibriados.
    27 | D        | Found a blossoming altar of Fedhas.
    27 | D        | Found a radiant altar of Vehumet.
    27 | D        | Found a glowing silver altar of Zin.
    27 | D        | Found a corrupted altar of Lugonu.
    27 | D        | Found a viscous altar of Jiyva.
    27 | D        | Found a roughly hewn altar of Beogh.
    27 | D        | Found an iron altar of Okawaru.
    65 | D        | Acquired Trog's second power
   145 | D        | Noticed a worker ant
   146 | D        | Noticed a scorpion
   150 | D        | Reached XP level 2. HP: 15/28 MP: 1/1
   151 | D        | Paralysed by a giant eyeball for 3 turns
   153 | D        | Slain by a worker ant

Action                   || total
-------------------------++-------
Melee: Mace              ||    12
